[Event "ICC Open 2015"]
[Site "Internet Chess Club"]
[Date "2015.05.29"]
[Round "11"]
[White "FedoseevVl95"]
[Black "Kempka"]
[Result "1-0"]
[ICCResult "Black resigns"]
[WhiteElo "3077"]
[BlackElo "2726"]
[Opening "King's Indian: orthodox variation"]
[ECO "E94"]
[NIC "KI.15"]
[Time "16:02:36"]
[TimeControl "180+0"]

1. Nf3 Nf6 2. c4 g6 3. Nc3 Bg7 4. e4 O-O 5. d4 d6 6. Be2 e5 7. O-O Na6 8.
Re1 c6 9. d5 Nc5 10. Nd2 a5 11. b3 Bd7 12. Ba3 cxd5 13. exd5 b6 14. Bf1 Bf5
15. Rc1 Re8 16. h3 h5 17. Nf3 Qd7 18. Nb5 Bh6 19. Ra1 Rad8 20. Bb2 Be4 21.
Nh4 Bg5 22. Nf3 Bf4 23. Bc3 Bf5 24. Nh4 Nfe4 25. Bb2 Bg5 26. Nxf5 Qxf5 27.
Re2 h4 28. Qc2 Nf6 29. Qxf5 gxf5 30. Rae1 Nd3 31. Rd1 Nxb2 32. Rxb2 Kg7 33.
a3 Kg6 34. b4 axb4 35. axb4 e4 36. Nd4 e3 37. f3 Bf4 38. Bd3 Re5 39. Ne2 Kg5
40. Ra2 Nh5 41. Nd4 Bg3 42. Nc6 Rde8 43. Nxe5 Rxe5 44. Be2 Nf4 45. Kf1 b5
46. cxb5 Nxd5 47. Ra6 Nc3 48. b6 Nxd1 49. b7 Nc3 50. b8=Q Rd5 51. Qg8+ Kf4
52. Ra5 Rd2 53. Qh8 Nd5 54. Qh6+ Ke5 55. Qxe3+ {Black resigns} 1-0

[Event "ICC Open 2015"]
[Site "Internet Chess Club"]
[Date "2015.05.29"]
[Round "11"]
[White "Unlikely"]
[Black "mcplayerus"]
[Result "0-1"]
[ICCResult "White forfeits on time"]
[WhiteElo "2037"]
[BlackElo "1859"]
[Opening "Sicilian: closed"]
[ECO "B23"]
[NIC "SI.44"]
[Time "16:02:53"]
[TimeControl "180+0"]

1. e4 c5 2. Nc3 g6 3. d4 Bg7 4. dxc5 Bxc3+ 5. bxc3 Qa5 6. Bd3 Qxc3+ 7. Bd2
Qxc5 8. Nf3 Nf6 9. O-O d6 10. Rb1 O-O 11. e5 dxe5 12. Rb5 Qc7 13. Nxe5 Nc6
14. Bc3 Be6 15. Qd2 Rad8 16. Qh6 Nd4 17. Bxd4 Rxd4 18. Nf3 Rd5 19. Rxd5 Bxd5
20. Ng5 Qf4 21. Nxf7 Qxh6 22. Nxh6+ Kg7 23. Re1 Kxh6 24. Rxe7 Rf7 25. Re5
Bc6 26. f3 Nd5 27. h4 Nf4 28. Bc4 Rf8 29. Kh2 Nh5 30. g4 Nf4 31. Kg3 Kg7 32.
Re7+ Kf6 33. Rxh7 Ne6 34. g5+ Kf5 35. Bd3+ Ke5 36. Be4 Bxe4 37. fxe4 Rf4 38.
Rxb7 Rxe4 39. Rb5+ Kd4 40. Rb4+ Ke5 41. Rb5+ Kd6 42. Ra5 Kd7 43. Rxa7+ Nc7
44. Ra6 Re3+ 45. Kf4 Rc3 46. Rxg6 Rxc2 47. Rg7+ Kd6 48. Kf5 Rf2+ 49. Kg6 Nd5
50. Rf7 Ne7+ 51. Kg7 Nf5+ 52. Rxf5 Rxf5 53. Kg6 Re5 54. h5 Re6+
{White forfeits on time}
0-1

[Event "ICC Open 2015"]
[Site "Internet Chess Club"]
[Date "2015.05.29"]
[Round "11"]
[White "eltigrecu"]
[Black "JCarllsen"]
[Result "1/2-1/2"]
[ICCResult "Black ran out of time and White has no material to mate"]
[WhiteElo "2061"]
[BlackElo "1814"]
[Opening "Trompowsky attack (Ruth, Opocenský opening)"]
[ECO "A45"]
[NIC "QP.07"]
[Time "16:02:32"]
[TimeControl "180+0"]

1. d4 Nf6 2. Bg5 g6 3. Bxf6 exf6 4. c3 Bg7 5. Nd2 b6 6. Ngf3 Bb7 7. e3 d6 8.
Bd3 Nd7 9. Qc2 Qe7 10. O-O-O O-O-O 11. Qa4 Kb8 12. Ba6 Ba8 13. Nb3 f5 14.
Bb5 Nf6 15. Ba6 Ne4 16. Na5 Qe8 17. Bb5 Qe6 18. Nc6+ Bxc6 19. Bxc6 Qc8 20.
Rhf1 h6 21. d5 Nc5 22. Qb5 a6 23. Qb4 Ka7 24. Nd4 Bxd4 25. exd4 Nb7 26. Rd3
Na5 27. c4 Nxc6 28. dxc6 Rde8 29. Ra3 Re4 30. d5 Rhe8 31. Rd1 Re2 32. Rdd3
Re1+ 33. Kc2 R8e2+ 34. Rd2 Rxd2+ 35. Qxd2 Qe8 36. Re3 Rxe3 37. fxe3 Qe5 38.
g3 Qe4+ 39. Kb3 h5 40. a4 h4 41. Kc3 a5 42. b4 axb4+ 43. Kxb4 Qb1+ 44. Ka3
hxg3 45. hxg3 Qe4 46. Qc3 g5 47. a5 f4 48. axb6+ cxb6 49. gxf4 gxf4 50. exf4
Qxf4 51. Qb3 Qd2 52. c7 Kb7 53. c8=Q+ Kxc8 54. Qxb6 Qc3+ 55. Qb3 Qa5+ 56.
Kb2 Qd2+ 57. Kb1 Qe1+ 58. Ka2 Qa5+ 59. Kb2 Qd2+ 60. Kb1 Qe1+ 61. Kc2 Qe2+
62. Kc1 Qe1+ 63. Qd1 Qxd1+ 64. Kxd1 Kb7 65. Kd2 Kb6 66. Kd3 Kc5 67. Kc3 f5
68. Kd3 f4 69. Kc3 f3 70. Kd3 f2 71. Kc3 f1=Q 72. Kd2 Qxc4 73. Ke3 Qxd5 74.
Kf4 Qe5+ 75. Kf3 {Black ran out of time and White has no material to mate}
1/2-1/2

[Event "ICC Open 2015"]
[Site "Internet Chess Club"]
[Date "2015.05.29"]
[Round "11"]
[White "PuRe"]
[Black "vicmel"]
[Result "0-1"]
[ICCResult "White checkmated"]
[WhiteElo "1857"]
[BlackElo "1955"]
[Opening "Sicilian: Grand Prix attack"]
[ECO "B23"]
[NIC "SI.44"]
[Time "16:02:39"]
[TimeControl "180+0"]

1. e4 c5 2. Nc3 Nc6 3. f4 g6 4. Nf3 Bg7 5. Bb5 Nd4 6. O-O Nxb5 7. Nxb5 Nf6
8. d3 d6 9. Qe1 O-O 10. Qh4 Bg4 11. f5 Bxf3 12. Rxf3 h5 13. fxg6 fxg6 14.
Qg5 Nh7 15. Qxg6 Rxf3 16. gxf3 Qe8 17. Qxe8+ Rxe8 18. Nxa7 Bd4+ 19. Kf1 Rf8
20. Ke2 Be5 21. h3 Ng5 22. Bxg5 Ra8 23. Nb5 Bxb2 24. Rg1 Kf7 25. a3 Ra5 26.
Nc7 Rxa3 27. Bc1 Ra1 28. Kd2 Ba3 29. Re1 Bb4+ 30. c3 Ra2+ 31. Ke3 Bxc3 32.
Re2 Bd4+ 33. Kf4 Rxe2 34. Nd5 e5+ 35. Kf5 Rf2 36. f4 b5 37. Kg5 exf4 38.
Bxf4 Be5 39. Be3 Rf3 40. Kxh5 b4 41. Kg4 Rf1 42. h4 b3 43. Nb4 b2 44. Nc6
b1=Q 45. Nd8+ Ke7 46. Nc6+ Kd7 47. Nxe5+ dxe5 48. Bg5 Qd1+ 49. Kg3 Qxd3+ 50.
Kg4 Qf3# {White checkmated} 0-1

[Event "ICC Open 2015"]
[Site "Internet Chess Club"]
[Date "2015.05.29"]
[Round "11"]
[White "playwaycool"]
[Black "brauliocuarta"]
[Result "0-1"]
[ICCResult "White checkmated"]
[WhiteElo "2265"]
[BlackElo "2096"]
[Opening "Trompowsky attack (Ruth, Opocenský opening)"]
[ECO "A45"]
[NIC "QP.07"]
[Time "16:03:30"]
[TimeControl "180+0"]

1. d4 Nf6 2. Bg5 Ne4 3. Bf4 Nc6 4. f3 e5 5. dxe5 g5 6. Bc1 Nc5 7. Nc3 Nxe5
8. e4 d6 9. Be3 c6 10. Qd2 Be7 11. O-O-O b5 12. Qf2 Qa5 13. Kb1 Be6 14. a3
b4 15. axb4 Qxb4 16. Rd4 Qa5 17. Nge2 Rb8 18. h4 Nc4 19. Rxc4 Bxc4 20. Bxc5
dxc5 21. hxg5 Qa3 22. Nd1 Qa2+ 23. Kc1 Qa1+ 24. Kd2 Rd8+ 25. Nd4 Rxd4+ 26.
Bd3 Bxd3 27. cxd3 Qb1 28. Qe2 Bxg5+ 29. Ke1 Rxd3 30. g3 Re3 31. Rh2 Rxe2+
32. Rxe2 Bd8 33. f4 Ba5+ 34. Kf2 Qxd1 35. e5 Bb6 36. Re4 c4+ 37. Kg2 Qc2+
38. Kf3 Qd3+ 39. Kg4 Qxe4 40. e6 Rg8+ 41. Kh3 Qh1# {White checkmated} 0-1

[Event "ICC Open 2015"]
[Site "Internet Chess Club"]
[Date "2015.05.29"]
[Round "11"]
[White "ShcherbinMatvei"]
[Black "kava"]
[Result "1-0"]
[ICCResult "Black resigns"]
[WhiteElo "2803"]
[BlackElo "2926"]
[Opening "Sicilian: Alapin's variation (2.c3)"]
[ECO "B22"]
[NIC "SI.47"]
[Time "16:03:52"]
[TimeControl "180+0"]

1. e4 c5 2. c3 Nf6 3. e5 Nd5 4. d4 cxd4 5. Nf3 g6 6. cxd4 Bg7 7. Qb3 e6 8.
Nc3 Nxc3 9. bxc3 O-O 10. h4 h5 11. Bd3 Nc6 12. a4 d5 13. Ba3 Re8 14. Ng5 Bh6
15. f4 Ne7 16. Bd6 Nf5 17. Bxf5 exf5 18. Qxd5 Be6 19. Qxb7 Bxg5 20. hxg5 Qa5
21. Bb4 Qd8 22. O-O Bd5 23. Qb5 a6 24. Qe2 Qc7 25. Bc5 Qc6 26. c4 Be4 27.
Rfd1 Reb8 28. Qf2 Rb3 29. d5 Qb7 30. Rd2 Rc3 31. Rad1 Rxc4 32. e6 Rc8 33. d6
fxe6 34. d7 Rd8 35. Be7 Qc7 36. Bxd8 Qxd8 37. a5 Kf7 38. Qb6 Rc7 39. Qxc7
Qxc7 40. d8=Q {Black resigns} 1-0

[Event "ICC Open 2015"]
[Site "Internet Chess Club"]
[Date "2015.05.29"]
[Round "11"]
[White "SirHarmony"]
[Black "lemanofzorn"]
[Result "1-0"]
[ICCResult "Black checkmated"]
[WhiteElo "1537"]
[BlackElo "1467"]
[Opening "Caro-Kann: Tartakower (fantasy) variation"]
[ECO "B12"]
[NIC "CK.02"]
[Time "16:03:54"]
[TimeControl "180+0"]

1. e4 c6 2. d4 d5 3. f3 dxe4 4. fxe4 e5 5. Nf3 exd4 6. Bc4 Be6 7. Bxe6 fxe6
8. Qxd4 Bd6 9. Qxg7 Qa5+ 10. Bd2 Bb4 11. Qxh8 Bxd2+ 12. Nbxd2 Kf7 13. Qxh7+
Kf8 14. O-O Nf6 15. Qxb7 Qc5+ 16. Kh1 Nbd7 17. Qxa8+ Ke7 18. Nb3 Qb6 19.
Rad1 Nxe4 20. Qc8 Nf2+ 21. Rxf2 Qxf2 22. Qxd7+ Kf6 23. Qd4+ Qxd4 24. Nbxd4
e5 25. Nxc6 e4 26. Ne1 Kf5 27. Nxa7 Kf4 28. Nb5 Ke3 29. Nc3 Kf2 30. Nxe4+
Ke2 31. Nc3+ Kf1 32. a4 Kf2 33. a5 Kf1 34. a6 Kf2 35. a7 Ke3 36. Nf3 Kf4 37.
a8=Q Kg4 38. Qe4+ Kh5 39. Rd5+ Kh6 40. Qe6+ Kg7 41. Rd7+ Kf8 42. Qf7#
{Black checkmated}
1-0

[Event "ICC Open 2015"]
[Site "Internet Chess Club"]
[Date "2015.05.29"]
[Round "11"]
[White "xionoula"]
[Black "Fanta"]
[Result "0-1"]
[ICCResult "White resigns"]
[WhiteElo "2185"]
[BlackElo "1975"]
[Opening "Queen's pawn, Mason variation"]
[ECO "D00"]
[NIC "QP.08"]
[Time "16:03:32"]
[TimeControl "180+0"]

1. d4 d5 2. Bf4 c6 3. e3 g6 4. c4 Bg7 5. cxd5 cxd5 6. Nc3 Nf6 7. Nf3 O-O 8.
h3 a6 9. Be2 b5 10. a3 Bf5 11. O-O Nbd7 12. Ne5 Nxe5 13. dxe5 Nd7 14. Qxd5
Be6 15. Qd4 Qc7 16. Rac1 Bxe5 17. Bxe5 Qxe5 18. Rfd1 Rfd8 19. Ne4 Qxd4 20.
Rxd4 Ne5 21. Rcd1 Rxd4 22. Rxd4 Rc8 23. Nc3 Bc4 24. Bxc4 Nxc4 25. Nd5 Kf8
26. Re4 Nxb2 27. Nxe7 Rc1+ 28. Kh2 Nd3 29. f3 h5 30. Nd5 h4 31. Rxh4 Ra1 32.
Rd4 Ne5 33. f4 Nc4 34. Rd3 Rxa3 35. Rd1 Nxe3 36. Nxe3 Rxe3 37. Ra1 Re6 38.
g4 Rb6 39. Kg3 b4 40. f5 gxf5 41. gxf5 b3 42. Kf4 b2 43. Rb1 a5 44. Ke3 a4
45. Kd2 a3 46. Kc2 Ke7 47. h4 a2 48. Re1+ Kf6 49. Rb1 a1=Q 50. Rxb2
{White resigns}
0-1

[Event "ICC Open 2015"]
[Site "Internet Chess Club"]
[Date "2015.05.29"]
[Round "11"]
[White "blunder23"]
[Black "klodshans"]
[Result "0-1"]
[ICCResult "White forfeits on time"]
[WhiteElo "1444"]
[BlackElo "1545"]
[Opening "Modern defense: Averbakh system, Kotov variation"]
[ECO "A42"]
[NIC "KF.03"]
[Time "16:02:36"]
[TimeControl "180+0"]

1. d4 d6 2. c4 g6 3. Nc3 Bg7 4. e4 Nc6 5. Nf3 e5 6. d5 Nce7 7. Be2 f5 8.
exf5 gxf5 9. O-O Nf6 10. Bg5 O-O 11. Nd2 Ng6 12. f3 Kh8 13. Nb3 f4 14. c5
Rg8 15. cxd6 cxd6 16. Ne4 Bf5 17. Bd3 Bxe4 18. Bxe4 Qf8 19. Na5 Qf7 20. Nc4
Rad8 21. Qb3 Rd7 22. Rac1 h6 23. Bxf6 Bxf6 24. Na5 Nh4 25. Rf2 Qh5 26. Rcc2
Rdg7 27. Nxb7 Rb8 28. Qb5 Rgxb7 29. Qc6 Qe8 30. Qxd6 Rb6 31. Qc7 R8b7 32.
Qc5 Qb5 33. Qc8+ Kg7 34. Rc7+ Rxc7 35. Qxc7+ Kf8 36. Qc8+ Qe8 37. Qc5+ Be7
38. Qc4 Qb5 39. Qc8+ Qe8 40. Qc4 Rb4 41. Qc6 Qxc6 42. dxc6 Rc4 43. Rc2 Rxc2
44. Bxc2 Bd6 45. Be4 Ke7 46. b4 Kd8 47. b5 Kc7 48. a4 Kb6 49. g3 Nxf3+ 50.
Bxf3 fxg3 51. hxg3 e4 52. Bxe4 Bxg3 53. Bc2 h5 54. Kg2 h4 55. Kh3 Kc7 56.
Kg4 Be1 57. Kf5 h3 58. Ke6 h2 59. Be4 Bh4 60. Kd5 Bd8 61. Kc4 Kb6 62. Kb4 a6
63. a5+ Ka7 64. b6+ Kb8 65. c7+ Bxc7 66. bxc7+ Kxc7 67. Kc5 Kb8 68. Kb6 Kc8
69. Kxa6 Kd7 {White forfeits on time} 0-1

[Event "ICC Open 2015"]
[Site "Internet Chess Club"]
[Date "2015.05.29"]
[Round "11"]
[White "Glamurius"]
[Black "Vladimirovich"]
[Result "0-1"]
[ICCResult "White checkmated"]
[WhiteElo "3037"]
[BlackElo "3292"]
[Opening "QGD Slav: 4.Nc3"]
[ECO "D15"]
[NIC "SL.03"]
[Time "16:03:05"]
[TimeControl "180+0"]

1. d4 d5 2. Nf3 Nf6 3. c4 c6 4. Nc3 a6 5. cxd5 cxd5 6. Bf4 Nc6 7. Rc1 Bf5 8.
e3 e6 9. Be2 Nd7 10. O-O Be7 11. Bd3 Bg4 12. h3 Bh5 13. Be2 Rc8 14. a3 O-O
15. Na4 b5 16. Nc5 Nxc5 17. dxc5 Bf6 18. b4 Bb2 19. Rb1 Bxa3 20. Bd6 Bxf3
21. Bxf3 Bxb4 22. e4 d4 23. e5 a5 24. Bxc6 Rxc6 25. Qxd4 Qd7 26. Rfd1 Rfc8
27. Rd3 Qa7 28. Rbd1 h6 29. Qe4 Qa8 30. Qh4 Bxc5 31. Kh2 Bb6 32. Qh5 Rc2 33.
Rf3 Qb7 34. Rf1 b4 35. Rg3 Rxf2 36. Rxf2 Bxf2 37. Rg4 Be3 38. Qh4 Bg5 39.
Qg3 Rc3 40. Qf2 Qc6 41. h4 Rc2 42. Qa7 Bf4+ 43. Kh3 Rc3+ 44. g3 Qh1#
{White checkmated}
0-1

[Event "ICC Open 2015"]
[Site "Internet Chess Club"]
[Date "2015.05.29"]
[Round "11"]
[White "balion"]
[Black "Attalus"]
[Result "0-1"]
[ICCResult "White forfeits on time"]
[WhiteElo "1560"]
[BlackElo "1406"]
[Opening "French defense"]
[ECO "C00"]
[NIC "FR.01"]
[Time "16:03:12"]
[TimeControl "180+0"]

1. e4 e6 2. Nc3 d5 3. exd5 exd5 4. d4 Nf6 5. Nf3 Bb4 6. Be2 O-O 7. O-O Re8
8. Re1 Nc6 9. Bg5 Qd6 10. Nb5 Qd7 11. Bxf6 Bxe1 12. Bh4 Bb4 13. Bg3 Ba5 14.
c3 a6 15. Na3 Qe6 16. Bd3 Ne7 17. Qa4 Nc6 18. b4 b5 19. Qb3 Bb6 20. Ng5 Qe1+
21. Rxe1 Rxe1+ 22. Bf1 Bf5 23. f3 Bd3 24. Bxe1 Re8 25. Kf2 Rxe1 26. Kxe1 h6
27. Bxd3 hxg5 28. Qc2 Ne7 29. Qe2 Kf8 30. Qe5 f6 31. Qe3 c6 32. Qf2 Bd8 33.
Nc2 Kf7 34. Ne3 g6 35. Nf5 gxf5 {White forfeits on time} 0-1

[Event "ICC Open 2015"]
[Site "Internet Chess Club"]
[Date "2015.05.29"]
[Round "11"]
[White "Blondicheck"]
[Black "a-man"]
[Result "1-0"]
[ICCResult "Black checkmated"]
[WhiteElo "1530"]
[BlackElo "1397"]
[Opening "Giuoco Piano"]
[ECO "C54"]
[NIC "IG.01"]
[Time "16:03:28"]
[TimeControl "180+0"]

1. e4 e5 2. Nf3 Nc6 3. Bc4 Nf6 4. c3 Bc5 5. d3 O-O 6. O-O Na5 7. Bb5 c6 8.
Ba4 b5 9. Bc2 Ba6 10. b4 Nb7 11. bxc5 Nxc5 12. Ba3 Qb6 13. d4 exd4 14. cxd4
b4 15. dxc5 Qxc5 16. Bb2 Bxf1 17. Kxf1 Ng4 18. Bd4 Qc4+ 19. Qe2 Qxe2+ 20.
Kxe2 d5 21. h3 dxe4 22. hxg4 exf3+ 23. Kxf3 Rad8 24. Be3 Rfe8 25. Be4 c5 26.
Bxc5 Rb8 27. Bxa7 Rb5 28. Bc6 Ra5 29. Bxe8 Rxa7 30. Nd2 Kf8 31. Bc6 Ke7 32.
Nb3 Kd6 33. Be4 Ke5 34. g3 g6 35. Ke3 f5 36. f4+ Kf6 37. gxf5 gxf5 38. Bf3
Re7+ 39. Kd3 h5 40. Bxh5 Rh7 41. g4 fxg4 42. Bxg4 Rh4 43. Rg1 Ke7 44. Nd4
Kd6 45. Nf5+ Ke6 46. Nxh4+ Kf6 47. Nf3 Kf7 48. Kc4 Ke7 49. Kb3 Kf7 50. Kxb4
Kf8 51. a4 Kf7 52. a5 Ke7 53. a6 Kd8 54. a7 Kc7 55. a8=Q Kd6 56. Rd1+ Ke7
57. Qd8+ Kf7 58. Rd7+ Kg6 59. Ne5+ Kh6 60. Qh8# {Black checkmated} 1-0

[Event "ICC Open 2015"]
[Site "Internet Chess Club"]
[Date "2015.05.29"]
[Round "11"]
[White "Snooze"]
[Black "Tasmaniandevil"]
[Result "0-1"]
[ICCResult "White checkmated"]
[WhiteElo "1905"]
[BlackElo "2102"]
[Opening "Scotch: Blumenfeld attack"]
[ECO "C45"]
[NIC "SO.05"]
[Time "16:03:32"]
[TimeControl "180+0"]

1. e4 e5 2. Nf3 Nc6 3. d4 exd4 4. Nxd4 Bc5 5. Be3 Qf6 6. Nb5 Bxe3 7. fxe3
Qh4+ 8. g3 Qd8 9. Qg4 g5 10. Bc4 Ne5 11. Qe2 d6 12. O-O Bh3 13. Bxf7+ Nxf7
14. Rxf7 Kxf7 15. Qh5+ Kg7 16. Qxh3 Nf6 17. N1c3 c6 18. Nd4 Qd7 19. Ne6+ Kf7
20. Nxg5+ Kg6 21. Ne6 Rae8 22. Qf5+ Kf7 23. Ng5+ Ke7 24. Qf4 h6 25. Rf1 Ref8
26. e5 hxg5 27. exf6+ Kf7 28. Qxg5 Rfg8 29. Qf4 Qh3 30. Rf2 Qe6 31. Ne4 Rh5
32. Nxd6+ Kg6 33. g4 Kh7 34. Nf5 Rhg5 35. f7 Rxg4+ 36. Kh1 Rg1#
{White checkmated}
0-1

[Event "ICC Open 2015"]
[Site "Internet Chess Club"]
[Date "2015.05.29"]
[Round "11"]
[White "eddington"]
[Black "Womacka"]
[Result "0-1"]
[ICCResult "White resigns"]
[WhiteElo "2103"]
[BlackElo "2408"]
[Opening "Sicilian: Najdorf, Opocensky variation"]
[ECO "B92"]
[NIC "SI.11"]
[Time "16:03:56"]
[TimeControl "180+0"]

1. e4 c5 2. Nf3 d6 3. d4 cxd4 4. Nxd4 Nf6 5. Nc3 a6 6. Be2 e5 7. Nb3 Be7 8.
O-O O-O 9. Be3 Be6 10. f4 exf4 11. Rxf4 Nc6 12. Nd4 Nxd4 13. Qxd4 Ne8 14.
Rff1 Bf6 15. Qd2 Be5 16. Nd5 Nf6 17. Nxf6+ Bxf6 18. c3 Be5 19. Rad1 Bxa2 20.
Qc2 Be6 21. Kh1 Qh4 22. Bg1 Rac8 23. Qd3 Rfe8 24. Qf3 a5 25. g3 Qe7 26. Bb5
Bd7 27. Bxd7 Qxd7 28. Rd5 a4 29. Rfd1 Qe6 30. Bb6 Rc4 31. Kg2 g6 32. Qd3
Rec8 33. Rf1 h5 34. Bg1 a3 35. bxa3 Rxc3 36. Qd1 Rxa3 37. Re1 Ra2+ 38. Kh1
Rcc2 39. Qf3 Qh3 {White resigns} 0-1

[Event "ICC Open 2015"]
[Site "Internet Chess Club"]
[Date "2015.05.29"]
[Round "11"]
[White "Ancient"]
[Black "jefferyx"]
[Result "1/2-1/2"]
[ICCResult "Game drawn because neither player has mating material"]
[WhiteElo "2115"]
[BlackElo "2881"]
[Opening "St. George (Baker) defense"]
[ECO "B00"]
[NIC "VO.17"]
[Time "16:02:53"]
[TimeControl "180+0"]

1. e4 a6 2. d4 b5 3. Nf3 Bb7 4. Bd3 e6 5. O-O Nf6 6. Nbd2 d5 7. Re1 c5 8. c3
cxd4 9. Nxd4 dxe4 10. Nxe4 Nbd7 11. Bg5 Be7 12. Nxf6+ Nxf6 13. Qe2 Qd5 14.
Nf3 Rd8 15. Bxf6 Bxf6 16. Be4 Qxe4 17. Qxe4 Bxe4 18. Rxe4 Ke7 19. a4 Rd7 20.
axb5 axb5 21. h3 Rb8 22. Rb4 Ke8 23. Ra5 Rdb7 24. Nd4 Bxd4 25. Rxd4 b4 26.
c4 Ke7 27. c5 Rc8 28. b3 Rc6 29. Rc4 Rbc7 30. Rxb4 Rxc5 31. Rxc5 Rxc5 32.
Rb7+ Kf6 33. b4 Rc2 34. b5 Rb2 35. g3 h5 36. Kg2 h4 37. gxh4 Kg6 38. h5+ Kh6
39. Rxf7 Rxb5 40. Re7 Rg5+ 41. Kf3 Rf5+ 42. Kg4 Rg5+ 43. Kf4 Rf5+ 44. Kg4
Rg5+ 45. Kf4 Rf5+ 46. Kg4 Rf6 47. f4 Kh7 48. Kg5 Rf5+ 49. Kg4 Rf6 50. Kg5
Kg8 51. h4 Kf8 52. Ra7 Rf5+ 53. Kg4 Rf6 54. Kg5 Rf5+ 55. Kg4 Rf6 56. Kg5 Kg8
57. Re7 Kf8 58. Ra7 Kg8 59. Re7 Kh7 60. Re8 Rf5+ 61. Kg4 Rf6 62. Kg5 Rh6 63.
Rf8 e5 64. fxe5 Ra6 65. Kf5 Ra1 66. Rb8 Rf1+ 67. Kg5 Re1 68. Kf5 Rf1+ 69.
Ke6 Rh1 70. Kf7 Rf1+ 71. Ke7 Rf5 72. e6 Rxh5 73. Ke8 Rxh4 74. e7 g5 75. Rb7
Kg6 76. Kd8 Rd4+ 77. Rd7 Re4 78. e8=Q+ Kf5 79. Qxe4+ Kxe4 80. Rg7 Kf5 81.
Rxg5+ Kxg5 {Game drawn because neither player has mating material} 1/2-1/2

[Event "ICC Open 2015"]
[Site "Internet Chess Club"]
[Date "2015.05.29"]
[Round "11"]
[White "HSK"]
[Black "PADILLON2189"]
[Result "1-0"]
[ICCResult "Black checkmated"]
[WhiteElo "2251"]
[BlackElo "2029"]
[Opening "Sicilian: dragon, Yugoslav attack, 12.h4"]
[ECO "B78"]
[NIC "SI.18"]
[Time "16:03:02"]
[TimeControl "180+0"]

1. e4 c5 2. Nf3 d6 3. d4 cxd4 4. Nxd4 Nf6 5. Nc3 g6 6. Be3 Bg7 7. f3 O-O 8.
Qd2 Nc6 9. Bc4 Bd7 10. O-O-O Qa5 11. h4 Rfc8 12. Bb3 Ne5 13. Kb1 Nc4 14. Qd3
b5 15. Bc1 Rc5 16. g4 Rac8 17. h5 Qb6 18. hxg6 hxg6 19. g5 Nh5 20. Nd5 Qd8
21. f4 e5 22. Ne2 Be6 23. f5 Rxd5 24. exd5 Bxf5 25. Qf3 Qd7 26. Rdf1 e4 27.
Qg2 a5 28. Ng3 Nxg3 29. Qxg3 e3 30. Rh2 Nd2+ 31. Bxd2 exd2 32. Rxd2 a4 33.
Re1 axb3 34. axb3 Be5 35. Rxe5 dxe5 36. Qxe5 Re8 37. Qf6 Qe7 38. Qd4 Qe3 39.
Qxe3 Rxe3 40. d6 Re8 41. Kc1 Rd8 42. c4 bxc4 43. bxc4 Be4 44. c5 Bc6 45. b4
Kf8 46. Kb2 Ke8 47. Kc3 Kd7 48. Re2 Re8 49. Ra2 Bd5 50. Ra7+ Ke6 51. Kd4 Bb3
52. b5 f5 53. b6 f4 54. Ke4 Rf8 55. Re7# {Black checkmated} 1-0

[Event "ICC Open 2015"]
[Site "Internet Chess Club"]
[Date "2015.05.29"]
[Round "11"]
[White "PCC"]
[Black "DeepHmmm"]
[Result "0-1"]
[ICCResult "White forfeits on time"]
[WhiteElo "1400"]
[BlackElo "1793"]
[Opening "QGD: Cambridge Springs defense"]
[ECO "D52"]
[NIC "QO.15"]
[Time "16:03:07"]
[TimeControl "180+0"]

1. d4 d5 2. c4 c6 3. Nc3 Nf6 4. Nf3 e6 5. Bg5 Nbd7 6. e3 Qa5 7. Nd2 Bb4 8.
Bxf6 Nxf6 9. Qc2 O-O 10. Bd3 dxc4 11. Nxc4 Qc7 12. O-O a6 13. a3 Bxc3 14.
Qxc3 c5 15. Ne5 b6 16. dxc5 bxc5 17. Rac1 Rb8 18. Nc4 Nd5 19. Qc2 h6 20. Be4
Bb7 21. Nd2 Rfc8 22. Bxd5 exd5 23. b4 c4 24. Qc3 Qb6 25. Nf3 Rc6 26. Rfd1
Rg6 27. Qd4 Qe6 28. Ne5 Rf6 29. e4 dxe4 30. Nd7 Rg6 31. Nxb8 e3 32. g3 exf2+
33. Qxf2 Qe4 34. Rd8+ Kh7 35. Kf1 Rf6 36. Qxf6 gxf6 37. Rdd1 Qf3+ 38. Ke1
Qe3+ 39. Kf1 c3 40. Nd7 c2 41. Nxf6+ Kg6 42. Ng4 cxd1=Q+
{White forfeits on time}
0-1

[Event "ICC Open 2015"]
[Site "Internet Chess Club"]
[Date "2015.05.29"]
[Round "11"]
[White "ikica"]
[Black "Dictator"]
[Result "0-1"]
[ICCResult "White forfeits on time"]
[WhiteElo "2790"]
[BlackElo "2631"]
[Opening "Neo-Grünfeld, 6.cd Nxd5, 7.O-O Nb6"]
[ECO "D76"]
[NIC "KI.80"]
[Time "16:03:23"]
[TimeControl "180+0"]

1. d4 Nf6 2. c4 g6 3. g3 Bg7 4. Bg2 d5 5. cxd5 Nxd5 6. Nf3 O-O 7. O-O Nb6 8.
Nc3 Nc6 9. e3 Re8 10. Nh4 e5 11. d5 Ne7 12. e4 Bd7 13. a4 c6 14. a5 Nc4 15.
b3 Nxa5 16. Ba3 cxd5 17. exd5 Rc8 18. Ne4 Bb5 19. Re1 Nxd5 20. Nd6 Nc3 21.
Qf3 Rc7 22. Nxe8 Qxe8 23. Bb4 e4 24. Qf4 Nd5 25. Qd6 Rd7 26. Rxa5 Rxd6 27.
Bxd6 Bc3 28. Rxe4 Qd7 29. b4 Qxd6 30. Rxb5 Nf6 31. Rc4 Qd1+ 32. Bf1 Bd4 33.
Kg2 Bb6 34. Nf3 Nd7 35. Rc3 Qd6 36. Rd3 Qc6 37. Rd2 Ne5 38. Rxe5 f6 39. Red5
g5 40. Rd7 g4 41. Be2 gxf3+ 42. Bxf3 Qxf3+ {White forfeits on time} 0-1

[Event "ICC Open 2015"]
[Site "Internet Chess Club"]
[Date "2015.05.29"]
[Round "11"]
[White "SusikoiraRoi"]
[Black "bigali"]
[Result "1-0"]
[ICCResult "Black checkmated"]
[WhiteElo "1884"]
[BlackElo "1596"]
[Opening "Vienna game, Max Lange defense"]
[ECO "B00"]
[NIC "VO.04"]
[Time "16:03:26"]
[TimeControl "180+0"]

1. e4 Nc6 2. Nc3 e5 3. Bc4 d6 4. d3 Be7 5. f4 exf4 6. Bxf4 Nf6 7. Nf3 O-O 8.
O-O Bg4 9. Qe1 Bxf3 10. Rxf3 Nd4 11. Rf2 Ng4 12. Rd2 Bh4 13. g3 Nf3+ 14. Kg2
Nxe1+ 15. Rxe1 Bg5 16. h3 Bxf4 17. gxf4 Nh6 18. Kf3 Qh4 19. Rg1 Qxh3+ 20.
Rg3 Qh1+ 21. Rdg2 g6 22. Nd5 Kg7 23. f5 c6 24. Ne3 Qh5+ 25. Kf2 a6 26. Kg1
b5 27. Bb3 a5 28. a4 bxa4 29. Bxa4 Rac8 30. c3 Rfe8 31. Bd1 Qh4 32. Kf1 Qf4+
33. Rf3 Qe5 34. Nc4 Qc5 35. Bb3 Ng8 36. d4 Qb5 37. Ba2 a4 38. Kg1 Nf6 39.
fxg6 hxg6 40. Nxd6 Qb8 41. e5 Rc7 42. Rxf6 Rh8 43. Bxf7 Rxf7 44. Rxf7+ Kg8
45. Rxg6# {Black checkmated} 1-0

[Event "ICC Open 2015"]
[Site "Internet Chess Club"]
[Date "2015.05.29"]
[Round "11"]
[White "Sc6"]
[Black "jps7"]
[Result "0-1"]
[ICCResult "White checkmated"]
[WhiteElo "1726"]
[BlackElo "1645"]
[Opening "French: Winawer, advance, 5.a3"]
[ECO "C17"]
[NIC "FR.10"]
[Time "16:02:32"]
[TimeControl "180+0"]

1. e4 e6 2. d4 d5 3. Nc3 Bb4 4. e5 c5 5. a3 cxd4 6. axb4 dxc3 7. bxc3 Qc7 8.
Nf3 Qxc3+ 9. Bd2 Qc7 10. Bd3 Ne7 11. O-O Nbc6 12. Re1 Bd7 13. b5 Nd8 14. Be3
b6 15. Qd2 Ng6 16. Bd4 Nb7 17. Qb4 Qd8 18. c4 dxc4 19. Bxc4 Nf4 20. Rad1 Qe7
21. Qb2 Na5 22. Bf1 Rc8 23. Rc1 O-O 24. Rxc8 Rxc8 25. Rc1 Rxc1 26. Qxc1 Qe8
27. Qxf4 Bxb5 28. Qe4 Bxf1 29. Kxf1 Nb3 30. g3 h6 31. Kg2 Qa4 32. Qa8+ Kh7
33. Qe4+ g6 34. Be3 Qxe4 35. h3 Nc5 36. g4 Nd3 37. Kg3 Nxe5 38. Nxe5 Qxe5+
39. Bf4 Qe1 40. Be3 g5 41. Kf3 Qd1+ 42. Ke4 b5 43. Bxa7 b4 44. Bd4 b3 45.
Ke3 Qc2 46. f3 b2 47. Bxb2 Qxb2 48. f4 Qc3+ 49. Ke4 Qxh3 50. fxg5 hxg5 51.
Ke5 Qxg4 52. Kf6 Qf5+ 53. Ke7 Kg7 54. Kd6 Qf6 55. Kc5 g4 56. Kd6 g3 57. Kc5
Kf8 58. Kd6 Ke8 59. Kc5 g2 60. Kd6 g1=Q 61. Kc6 Qgd4 62. Kb5 e5 63. Ka5
Qfb6# {White checkmated} 0-1

[Event "ICC Open 2015"]
[Site "Internet Chess Club"]
[Date "2015.05.29"]
[Round "11"]
[White "Sherlocked"]
[Black "Birdy69"]
[Result "1-0"]
[ICCResult "Black resigns"]
[WhiteElo "1937"]
[BlackElo "1778"]
[Opening "Benkö gambit"]
[ECO "A57"]
[NIC "BI.46"]
[Time "16:04:36"]
[TimeControl "180+0"]

1. d4 Nf6 2. c4 c5 3. d5 b5 4. Qc2 bxc4 5. e4 e6 6. Bxc4 exd5 7. exd5 d6 8.
Nc3 Be7 9. Nf3 O-O 10. O-O Bb7 11. h3 Na6 12. Bf4 Nc7 13. Rad1 Qc8 14. a4
Ba6 15. b3 Qb7 16. Rfe1 Rfe8 17. Rxe7 Rxe7 18. Bxd6 Rd7 19. Bxc5 Ncxd5 20.
Nxd5 Nxd5 21. Ne5 Rdd8 22. Nxf7 Kxf7 23. Qf5+ Ke8 24. Bxd5 Rxd5 25. Rxd5
{Black resigns}
1-0